AoeStats
← DS_Kvothe

Arabia

509752987Analyzed
1v1 RM · 4d ago on Sep 27, 2026· 40m 43s· 2 players
Game mode
Random Map
Map size
Tiny (2 player)
Population
200
Speed
Normal
Resources
Standard
Victory
Conquest
Starting age
Dark Age
Ending age
Imperial Age
RankedLock teamsTeams togetherTeam positionsShared explorationLock speedFull tech treeHidden civsTurbo modeCheats
Victory
Defeat
🇫🇷 Vietnamese · France
1963
+16
🇦🇷 Varangians · Argentina
1953
-16
DS_Kvothe
6:06 Loom
8:43 Feudal Age
9:26 Double-Bit Axe
9:52 Horse Collar
15:51 Fletching
16:25 Padded Archer Armor
16:59 Bloodlines
17:39 Scale Barding Armor
26:09 Castle Age
25:00 Forging
26:41 Gold Mining
26:24 Elite Skirmisher
27:00 Bodkin Arrow
27:31 Husbandry
28:06 Wheelbarrow
30:30 Bow Saw
30:55 Chain Barding Armor
DOBROONX
6:56 Loom
9:42 Feudal Age
10:19 Double-Bit Axe
13:15 Horse Collar
14:22 Town Watch
15:46 Padded Archer Armor
16:06 Fletching
19:13 Wheelbarrow
23:05 Castle Age
23:07 Crossbowman
24:23 Bow Saw
24:30 Bodkin Arrow
26:20 Heavy Plow
27:17 Hand Cart
27:14 Husbandry
27:25 Bloodlines
27:23 Scale Barding Armor
29:02 Sanctity
29:10 Forging
28:27 Light Cavalry
34:01 Chain Barding Armor
36:41 Iron Casting
38:47 Imperial Age
39:03 Ballistics
40:08 Plate Barding Armor
39:30 Elite Battle Elephant
Connection lost

Rejoining the realm…

Still unreachable

The connection could not be restored.

Session expired

The server has moved on; the page needs a fresh start.